 Dungeon Crawl Stone Soup version 0.31.0-32-g396128a36d (webtiles) character file.

Game seed: 4415750480185796484

12773 tizbic2 the Fighter (level 12, -5/96 HPs)
             Began as a Djinni Summoner on Mar 25, 2024.
             Was an Elder of Makhleb.
             Slain by a nine-headed hydra (13 damage)
             ... on level 13 of the Dungeon on Mar 26, 2024.
             The game lasted 01:00:05 (10862 turns).

tizbic2 the Fighter (Djinni Summoner)              Turns: 10862, Time: 01:00:05

Health: -5/96      AC: 12    Str:  7    XL:     12   Next: 24%
Gold:   707        EV: 11    Int: 27    God:    Makhleb [****..] SH:  0 Dex: 14

rFire   + + +        a - +6 scythe (elec)
rCold   x x .        (shield currently unavailable)
rNeg    . . .        r - +0 acid dragon scales
rPois   ∞            c - +1 hat of Daisies {rC- Int+5}
rElec   .            U - +0 cloak
rCorr   +            u - +1 pair of gloves
SInv    .            (boots unavailable)
Will    +++..        (no amulet)
Stlth   +            T - ring of protection from fire
HPRegen 0.36/turn    F - ring of willpower
MPRegen 0.00/turn

%: infuse magic (-6 HP)
@: swift, flying, very quick
A: sickness immunity, fire resistance 2, cold vulnerability 1, float, innate
caster, HP casting, extra vitality 1, iridescent scales 1, strong-willed 1,
mutation resistance 1
a: Renounce Religion, Minor Destruction, Lesser Servant of Makhleb, Major
Destruction


You were on level 13 of the Dungeon.
You worshipped Makhleb.
Makhleb was greatly pleased with you.
You visited 2 branches of the dungeon, and saw 14 of its levels.
You also visited: Sewer.

You collected 707 gold pieces.

Inventory:

Hand Weapons
 a - a +6 scythe of electrocution (weapon)
 e - the +0 short sword of the Everdark {elec, Int+2}
   (You found it on level 3 of the Dungeon)

   Int+2:     It affects your intelligence (+2).
 w - a +3 shortbow of draining
 B - a +0 heavy sling
 R - a +1 war axe of flaming
Missiles
 p - 27 poisoned darts
 t - 19 javelins
 C - a throwing net
 Q - a curare-tipped dart
Armour
 c - the +1 hat of Daisies (worn) {rC- Int+5}
   (You acquired it on level 2 of the Dungeon)

   Int+5:     It affects your intelligence (+5).
   rC-:       It makes you vulnerable to cold.
 d - a +0 chain mail
 i - a scarf of harm
 r - +0 acid dragon scales (worn)
 u - a +1 pair of gloves (worn)
 K - a +0 kite shield
 U - a +0 cloak (worn)
 V - a +0 helmet
 Y - a +2 robe of positive energy
Magical Staves
 y - a staff of cold
 G - a staff of conjuration
Jewellery
 o - a ring of fire
 F - a ring of willpower (right hand)
 T - a ring of protection from fire (left hand)
Talismans
 h - a maw talisman
 l - a blade talisman
Wands
 m - a wand of iceblast (5)
 E - a wand of flame (29)
 I - a wand of charming (7)
 L - a wand of polymorph (24)
 P - a wand of light (13)
Scrolls
 b - a scroll of summoning
 j - 3 scrolls of teleportation
 k - 2 scrolls of blinking
 H - a scroll of fear
 J - 3 scrolls of silence
 M - a scroll of poison
 N - 2 scrolls of fog
 S - a scroll of torment
 W - 4 scrolls of vulnerability
 X - 2 scrolls of identify
Potions
 f - 3 potions of curing
 g - 2 potions of berserk rage
 n - a potion of lignification
 q - 2 potions of enlightenment
 s - 2 potions of cancellation
 x - 3 potions of mutation
 z - 2 potions of invisibility
 A - 2 potions of might
 D - 2 potions of haste
 O - a potion of ambrosia


   Skills:
 * Level 12.8 Fighting
 - Level 2.3 Dodging
 - Level 1.5 Stealth
 * Level 8.7 Shields
 + Level 7.5 Spellcasting
 + Level 7.5 Conjurations
 + Level 7.5 Hexes
 + Level 7.5 Summonings
 + Level 7.5 Necromancy
 + Level 7.5 Translocations
 + Level 7.5 Fire Magic
 + Level 7.5 Ice Magic
 + Level 7.5 Air Magic
 + Level 7.5 Earth Magic
 + Level 7.5 Alchemy
 + Level 6.4 Invocations


You knew the following spells:

 Your Spells              Type           Power      Damage    Failure   Level
a - Summon Small Mammal   Summ           100%       N/A       1%          1
b - Call Imp              Summ           100%       N/A       1%          2
c - Call Canine Familiar  Summ           50%        N/A       1%          3
d - Summon Blazeheart Go  Fire/Summ      50%        N/A       4%          4
e - Summon Lightning Spi  Summ/Air       50%        N/A       4%          4
f - Foxfire               Conj/Fire      100%       2x1d9     1%          1
g - Blink                 Tloc           100%       N/A       1%          2
h - Swiftness             Air            50%        N/A       1%          3
i - Ignite Poison         Fire/Alch      50%        N/A       4%          4
j - Manifold Assault      Tloc           50%        N/A       4%          4
Your spell library was empty.

Dungeon Overview and Level Annotations

Branches:
Dungeon (13/15)            Temple (1/1) D:5            Lair (0/5) D:8
    Orc (0/2) D:11          Sewer (visited)
 Vaults: D:13-14

Altars:
Ashenzari
Cheibriados
Dithmenos
Elyvilon
Fedhas
Gozag
Hepliaklqana
Makhleb
Nemelex Xobeh
Okawaru
Qazlal
Ru
Trog
Uskayaw
Wu Jian
Xom
Yredelemnul
Zin
The Shining One

Shops:
D:3 *


Innate Abilities, Weirdness & Mutations

You are immune to sickness and miasma.
You are immune to poison.
Your flesh is very heat resistant. (rF++)
You are vulnerable to cold. (rC-)
You float through the air rather than walking.
You learn spells naturally, not from books.
Your magical power is your life essence.
You have superior vitality. (+4 MHP)
You are partially covered in iridescent scales. (AC +2)
You are strong-willed. (Will+)
You are somewhat resistant to further mutation.


Message History

Aim: an eight-headed hydra (moderately wounded, ally target, about 18% to evade your +6 scythe of electrocution)
You reach to attack!
You slice one of the eight-headed hydra's heads off!
The seven-headed hydra grows two more!
You slash the nine-headed hydra!
The nine-headed hydra is moderately wounded.
The nine-headed hydra bites your lightning spire.
The nine-headed hydra bites your lightning spire but does no damage.
The nine-headed hydra bites your lightning spire.
The nine-headed hydra bites your lightning spire!
The nine-headed hydra bites your lightning spire.
The nine-headed hydra bites your lightning spire!
Your lightning spire is destroyed!
Your lightning spire disappears in a puff of smoke!
The nine-headed hydra attacks as it pursues you!
The nine-headed hydra closely misses you.
The nine-headed hydra bites you but does no damage.
The nine-headed hydra closely misses you.
The nine-headed hydra bites you but does no damage. x2
The nine-headed hydra barely misses you.
The nine-headed hydra bites you. x2; The nine-headed hydra bites you!
Casting: Summon Lightning Spire (dangerous; 4% risk of failure)
Confirm with . or Enter, or press ? or * to list all spells.
You feel quick. The nine-headed hydra bites you.
The nine-headed hydra bites you! x2
The nine-headed hydra completely misses you.
The nine-headed hydra bites you. The nine-headed hydra bites you!
The nine-headed hydra barely misses you.
The nine-headed hydra bites you but does no damage.
The nine-headed hydra bites you.
* * * LOW HITPOINT WARNING * * *
The nine-headed hydra bites you!
* * * LOW HITPOINT WARNING * * *
The nine-headed hydra bites you but does no damage.
The nine-headed hydra bites you.
* * * LOW HITPOINT WARNING * * *
The nine-headed hydra bites you!
* * * LOW HITPOINT WARNING * * *
The nine-headed hydra bites you but does no damage. x2
The nine-headed hydra bites you!
You die...

#.# #.# #.# #.##
#..# ###.########
#..........#
#.#.######.#
#.#.@..§§#'##
###....D.....[#
.......^.......##
#####..........)#
#?................#
#.......[..##.....#
.............#
#.....
.................
.....
.................
....


You could see a nine-headed hydra.

Vanquished Creatures
  A centaur warrior (D:13)
  A slime creature (D:12)
  An unseen horror (D:10)
  A troll (D:10)
  A shadow (D:12)
  3 wyverns
  4 yaks (D:10)
  A steam dragon (D:7)
  A basilisk (D:12)
  2 acid dragons (D:11)
  3 water moccasins
  A sky beast (D:8)
  An orc warrior (D:8)
  A centaur (D:6)
  2 kobold brigands (Sewer)
  2 phantoms
  Blork the orc (D:4)
  2 bullfrogs (D:6)
  2 wights (D:8)
  2 electric eels (D:7)
  A crimson imp (D:5)
  2 jellies (D:5)
  A bombardier beetle (D:5)
  3 hounds
  2 orc priests
  2 iguanas
  10 orc wizards
  6 gnolls
  5 adders
  A white imp (D:7)
  2 dart slugs
  17 orcs
  5 ball pythons
  2 endoplasms
  A giant cockroach (D:4)
  3 goblins
  2 hobgoblins
  8 kobolds
  A quokka (D:4)
  2 bats
  6 rats (Sewer)
115 creatures vanquished.

Vanquished Creatures (collateral kills)
  A two-headed ogre (D:11)
  Pikel (D:4)
  A manticore (D:11)
  An ugly thing (D:12)
  3 slime creatures (D:12)
  A gargoyle (D:11)
  3 komodo dragons
  2 trolls
  Sigmund (D:2)
  7 yaks
  A wyvern (D:8)
  Grum (D:8)
  A black bear (D:4)
  3 orc warriors
  4 wolves (D:8)
  3 ogres
  A phantom (D:4)
  2 lemures (D:4)
  2 kobold brigands
  A bullfrog (D:8)
  A gnoll sergeant (D:12)
  2 wights (D:8)
  2 howler monkeys (D:8)
  3 killer bees (D:11)
  3 hounds
  5 orc priests
  A gnoll bouda (D:7)
  10 orc wizards
  2 iguanas
  7 gnolls
  3 adders
  8 river rats (Sewer)
  2 shadow imps
  3 ribbon worms
  27 orcs
  8 ball pythons
  5 endoplasms
  5 goblins
  4 hobgoblins
  3 quokkas
  21 kobolds
  13 rats
  2 foxfires
180 creatures vanquished.

Vanquished Creatures (others)
  260 foxfires
260 creatures vanquished.

Grand Total: 555 creatures vanquished

Notes
Turn   | Place    | Note
-------+----------+-------------------------------------------
     0 | D:1      | tizbic2 the Djinni Summoner began the quest for the Orb.
     0 | D:1      | tizbic2 set off with the following spells memorised: Summon
                  | Small Mammal, Call Imp, Call Canine Familiar, Summon
                  | Blazeheart Golem, Summon Lightning Spire.
     0 | D:1      | Reached XP level 1. HP: 15/15 MP: 0/0
   105 | D:1      | Reached XP level 2. HP: 14/22 MP: 0/0
   151 | D:1      | Reached skill level 1 in Fighting
   633 | D:1      | Reached XP level 3. HP: 27/27 MP: 0/0
   633 | D:1      | Learned a level 1 spell: Foxfire
   851 | D:2      | Found a bloodstained altar of Trog.
   919 | D:2      | Noticed Sigmund
   957 | D:2      | Killed Sigmund
   958 | D:2      | Reached skill level 4 in Fighting
   958 | D:2      | Reached XP level 4. HP: 31/37 MP: 0/0
   958 | D:2      | Reached XP level 5. HP: 35/41 MP: 0/0
   958 | D:2      | Learned a level 2 spell: Blink
  1035 | D:2      | Reached XP level 6. HP: 46/47 MP: 0/0
  1198 | D:2      | Identified a scroll of acquirement
  1198 | D:2      | Acquired the +1 hat of Daisies {rC- Int+5}
  1643 | D:3      | Found Zin's Purification Station.
  1646 | D:3      | Found a glowing silver altar of Zin.
  1688 | D:3      | Found a basalt altar of Yredelemnul.
  1767 | D:3      | Identified the +0 short sword of the Everdark {elec, Int+2}
  1897 | D:4      | Noticed Pikel
  1955 | D:4      | Noticed Blork the orc
  1962 | D:4      | Killed Blork the orc
  2048 | D:4      | Found a glowing drain.
  2053 | Sewer    | Entered a sewer
  2064 | Sewer    | Reached skill level 5 in Fighting
  2134 | Sewer    | Reached XP level 7. HP: 45/54 MP: 0/0
  2134 | Sewer    | Learned a level 3 spell: Swiftness
  2524 | Sewer    | Reached skill level 6 in Fighting
  2524 | Sewer    | Reached skill level 5 in Spellcasting
  2524 | Sewer    | Reached skill level 5 in Conjurations
  2524 | Sewer    | Reached skill level 5 in Hexes
  2524 | Sewer    | Reached skill level 5 in Summonings
  2524 | Sewer    | Reached skill level 5 in Necromancy
  2524 | Sewer    | Reached skill level 5 in Translocations
  2524 | Sewer    | Reached skill level 5 in Fire Magic
  2524 | Sewer    | Reached skill level 5 in Ice Magic
  2524 | Sewer    | Reached skill level 5 in Air Magic
  2524 | Sewer    | Reached skill level 5 in Earth Magic
  2524 | Sewer    | Reached skill level 5 in Alchemy
  2820 | D:4      | Reached XP level 8. HP: 32/62 MP: 0/0
  2835 | D:4      | Reached skill level 7 in Fighting
  3152 | D:4      | Found a sparkling altar of Nemelex Xobeh.
  3202 | D:4      | Killed Pikel
  3203 | D:4      | Reached skill level 8 in Fighting
  3251 | D:4      | Reached XP level 9. HP: 66/71 MP: 0/0
  3251 | D:4      | Learned a level 4 spell: Ignite Poison
  3376 | D:4      | Found a white marble altar of Elyvilon.
  3672 | D:5      | Entered Level 5 of the Dungeon
  3691 | D:5      | Gained mutation: You are somewhat resistant to further
                  | mutation. [potion of mutation]
  3691 | D:5      | Gained mutation: You are strong-willed. (Will+) [potion of
                  | mutation]
  3691 | D:5      | Gained mutation: You are partially covered in iridescent
                  | scales. (AC +2) [potion of mutation]
  3797 | D:5      | Found a burning altar of Makhleb.
  3868 | D:5      | Found a staircase to the Ecumenical Temple.
  3875 | Temple   | Entered the Ecumenical Temple
  3936 | D:5      | Became a worshipper of Makhleb the Destroyer
  4019 | D:5      | Reached skill level 9 in Fighting
  4183 | D:6      | Reached skill level 1 in Invocations
  4721 | D:6      | Reached skill level 1 in Shields
  5030 | D:7      | Found an iron altar of Okawaru.
  5056 | D:7      | Found a snail-covered altar of Cheibriados.
  5129 | D:7      | Reached * piety under Makhleb
  5301 | D:7      | Found a hazy altar of Hepliaklqana.
  5386 | D:7      | Found a broken altar of Ashenzari.
  5472 | D:7      | Reached skill level 10 in Fighting
  5477 | D:7      | Reached XP level 10. HP: 67/80 MP: 0/0
  5684 | D:7      | Found a blossoming altar of Fedhas.
  5962 | D:8      | Found a staircase to the Lair.
  6223 | D:8      | Noticed Grum
  6233 | D:8      | Reached skill level 5 in Shields
  6238 | D:8      | Reached ** piety under Makhleb
  6242 | D:8      | Killed Grum
  6243 | D:8      | Reached skill level 11 in Fighting
  6584 | D:9      | Found an ornate altar of the Wu Jian Council.
  6733 | D:9      | Reached XP level 11. HP: 52/87 MP: 0/0
  6733 | D:9      | Learned a level 4 spell: Manifold Assault
  7112 | D:10     | Entered Level 10 of the Dungeon
  7355 | D:10     | Found a shadowy altar of Dithmenos.
  7549 | D:10     | Reached skill level 5 in Invocations
  7726 | D:10     | Noticed a +0 hand axe
  7726 | D:10     | Noticed a +0 dagger
  7732 | D:10     | Found a hide-covered altar of Uskayaw.
  8059 | D:10     | Reached *** piety under Makhleb
  8438 | D:11     | Noticed a manticore
  8444 | D:11     | Killed a manticore
  8502 | D:11     | Reached skill level 12 in Fighting
  8592 | D:11     | Noticed a two-headed ogre
  8597 | D:11     | Killed a two-headed ogre
  9103 | D:11     | Found a staircase to the Orcish Mines.
  9913 | D:12     | Noticed a purple ugly thing
  9922 | D:12     | Killed a purple ugly thing
 10012 | D:12     | Reached XP level 12. HP: 66/96 MP: 0/0
 10070 | D:12     | Reached **** piety under Makhleb
 10682 | D:13     | Noticed a centaur warrior
 10693 | D:13     | Killed a centaur warrior
 10852 | D:13     | Noticed an eight-headed hydra
 10862 | D:13     | Slain by a nine-headed hydra

Illustrated notes

Levels and vault maps discovered:
D:1:      psy_arrival_statuary, layout_basic, grunt_decor_clamped, st_stairs_2
D:2:      layout_basic, basic_altar, uniq_sigmund
D:3:      layout_basic, zin_purify, mainiacjoe_overflow_chevrons
D:4:      layout_gridville, nicolae_elyvilon_peaceful_grove,
          nicolae_overflow_crystal_walls, portal_sewer_entry_e,
          minmay_misc_feat_enclosed, chequers_serial_rivers_marsh,
          kennysheep_decorative_pillar, uniq_blork_the_orc, uniq_pikel
D:5:      layout_cave_pools, grunt_temple_overflow_lords_of_destruction,
          temple_green
D:6:      layout_loops_ring
D:7:      layout_rooms, mainiacjoe_overflow_alcove_1, old_standard_altar,
          cheibrodos_worm_habitat, nicolae_overflow_hidden_temple,
          minmay_hedge_maze, kennysheep_minor_cross
D:8:      layout_basic, minmay_lair_entry_grove, uniq_grum
D:9:      minmay_inner_zag, layout_gridville, trog_butcher_becter,
          nicolae_wu_jian_wuxing_cycle
D:10:     layout_loops_ring, dancing_weapons_uskayaw,
          grunt_dithmenos_smoke_and_mirrors, serial_co_window_serial,
          co_window_of_opportunity_a, co_window_of_opportunity_a,
          co_window_paths_a, co_window_of_opportunity_a,
          co_window_of_opportunity_a, co_window_of_opportunity_a,
          co_window_paths_b, co_window_corner_b, co_window_of_opportunity_c,
          co_window_paths_c, co_window_2corner, co_window_cross_2,
          co_window_paths_d, glass_columns_a
D:11:     layout_cave_pods, hiddenorc1_lemuel
D:12:     layout_gridville
D:13:     layout_basic, hellmonk_vaults_attempted_burglary,
          fedhas_altar_fruit_tree
Temple:   nicolae_temple_bog_church

Skill      XL: |  1  2  3  4  5  6  7  8  9 10 11 |
---------------+----------------------------------+-----
Fighting       | 1 4 5 6 8 10 11 12 | 12.8
Spellcasting   | 4 5 6 7 |  7.5
Conjurations   | 4 5 6 7 |  7.5
Hexes          | 4 5 6 7 |  7.5
Summonings     | 4 5 6 7 |  7.5
Necromancy     | 4 5 6 7 |  7.5
Translocations | 4 5 6 7 |  7.5
Fire Magic     | 4 5 6 7 |  7.5
Ice Magic      | 4 5 6 7 |  7.5
Air Magic      | 4 5 6 7 |  7.5
Earth Magic    | 4 5 6 7 |  7.5
Alchemy        | 4 5 6 7 |  7.5
Invocations    | 2 4 6 |  6.4
Shields        | 2 5 8 |  8.7
Dodging        | |  2.3
Stealth        | |  1.5

Action                     |  1- 3 |  4- 6 |  7- 9 | 10-12 || total
---------------------------+-------+-------+-------+-------++-------
  Melee: Unarmed           |     9 |       |       |       ||     9
         Dagger            |    14 |       |       |       ||    14
         Spear             |     8 |       |       |       ||     8
         Halberd           |       |    25 |     2 |    93 ||   120
         Short sword       |       |    11 |   136 |    21 ||   168
         Punch             |       |       |     4 |       ||     4
         War axe           |       |       |       |     1 ||     1
         Shortbow          |       |       |       |     1 ||     1
   Fire: Shortbow          |       |       |     5 |       ||     5
   Cast: Summon Small Mamm |    21 |     1 |     6 |     4 ||    32
         Call Imp          |     4 |     7 |    11 |    16 ||    38
         Foxfire           |     1 |       |    58 |    91 ||   150
         Call Canine Famil |       |     7 |    25 |    25 ||    57
         Summon Lightning  |       |     3 |    17 |    39 ||    59
         Summon Blazeheart |       |     1 |     2 |       ||     3
         Blink             |       |       |       |     2 ||     2
         Manifold Assault  |       |       |       |    10 ||    10
         Swiftness         |       |       |       |     1 ||     1
 Invoke: Minor Destruction |       |       |       |     2 ||     2
    Use: Scroll            |       |     7 |     9 |    14 ||    30
         Potion            |       |       |     1 |     3 ||     4
   Stab: Distracted        |     1 |       |     2 |     3 ||     6
         Sleeping          |       |     1 |     1 |     1 ||     3
 Armour: Robe              |    12 |       |       |     9 ||    21
         Leather armour    |     1 |    24 |   146 |    83 ||   254
         Acid dragon scale |       |       |       |    72 ||    72
  Dodge: Dodged            |    22 |    15 |   141 |    58 ||   236
